[Event "Titled Tuesday Blitz December 27 Early 2022"]
[White "Makarian, Rudik"]
[Black "Goltsev, Dmitry"]
[WhiteFideId "44105681"]
[BlackFideId "24176710"]
[WhiteElo "2545"]
[BlackElo "2269"]
[Result "1-0"]
[Round "06"]
[TimeControl "180+2"]
[Date "2022.12.27"]
[WhiteClock "0:00:10"]
[BlackClock "0:00:06"]

1. d4 Nf6 2. Bg5 e6 3. Nf3 d5 4. e3 c5 5. c3 Nc6 6. Nbd2 Bd6 7. Bd3 e5 8. e4 cxd4 9. exd5 dxc3 10. bxc3 Ne7 11. c4 Ng6 12. O-O O-O 13. Nh4 Nf4 14. Ne4 Be7 15. Bxf4 exf4 16. Nf3 Nxe4 17. Bxe4 Bc5 18. Qd2 Qf6 19. Rad1 Bg4 20. h3 Bh5 21. Rfe1 h6 22. d6 Rad8 23. d7 b6 24. Qd5 g5 25. Qf5 Qxf5 26. Bxf5 Kg7 27. Rd5 Bxf3 28. gxf3 Kf6 29. Kg2 Rb8 30. Bc2 Rbd8 31. Ba4 Kg7 32. Re8 Kf6 33. Bc6 Be7 34. Kf1 Bc5 35. Rde5 Bd6 36. Re4 Bc5 37. Ke2 Bd6 38. Kd3 Bc5 39. Kc2 Bd6 40. Kb3 Bc5 41. Ka4 a6 42. Kb3 Bd6 43. Kc3 Bc5 44. Kc2 Bd6 45. Re2 Bc5 46. Kd3 Bd6 47. Kd4 Bc5+ 48. Kd5 Bb4 49. Kd4 Bc5+ 50. Kd5 Bb4 51. a4 a5 52. Bb5 Bc5 53. Kc6 Bxf2 54. Kc7 Rdxe8 55. Rxe8 Rxe8 56. dxe8=Q Bd4 57. Kc8 Be5 58. Qd7 h5 59. Bc6 g4 60. hxg4 hxg4 61. Qxg4 Bd6 62. Qh3 Ke5 63. Bd5 Kd4 64. Qf5 Bc5 65. Qxf7 Kc3 66. Qf5 Kb4 67. Qd7 Be3 68. Qb5+ Kc3 69. Kb7 Kd3 70. Qxb6 Bxb6 71. Kxb6 1-0


[Site "https://www.chess.com"]

[Event "Titled Tuesday Blitz December 27 Early 2022"]
[White "Martic, Ivan"]
[Black "Matinian, Nikita"]
[WhiteFideId "929301"]
[BlackFideId "24129100"]
[WhiteElo "2301"]
[BlackElo "2407"]
[Result "0-1"]
[Round "06"]
[TimeControl "180+2"]
[Date "2022.12.27"]
[WhiteClock "0:00:03"]
[BlackClock "0:00:04"]

1. Nf3 Nf6 2. c4 g6 3. Nc3 d5 4. cxd5 Nxd5 5. Qb3 Nb6 6. d4 Bg7 7. e4 O-O 8. h3 a5 9. Be2 a4 10. Qc2 Nc6 11. d5 Nb4 12. Qd2 f5 13. O-O fxe4 14. Nxe4 N4xd5 15. Rd1 c6 16. Qg5 Bf5 17. Nc5 Qc8 18. Qh4 a3 19. Bh6 axb2 20. Bxg7 Kxg7 21. Rab1 Bxb1 22. Rxb1 Qf5 23. Rxb2 Qf6 24. Ng5 h5 25. Nce6+ Kg8 26. Rb3 Ra4 27. Qg3 h4 28. Qf3 Qxf3 29. Bxf3 Rb4 30. Nxf8 Rxb3 31. axb3 Kxf8 32. Ne6+ Ke8 33. Nc5 Nc3 34. Nxb7 Kd7 35. Na5 c5 36. g3 g5 37. Kf1 Nbd5 38. Nc4 Nf6 39. Ba8 Ke6 40. Ne3 Ke5 41. gxh4 gxh4 42. Ng2 Nfe4 43. Ke1 Nd6 44. Nxh4 Ndb5 45. Nf3+ Kf4 46. Nd2 Nd4 0-1


[Site "https://www.chess.com"]

[Event "Titled Tuesday Blitz December 27 Early 2022"]
[White "Martynov, Pavel"]
[Black "Ankerst, Mihael"]
[WhiteFideId "4101260"]
[BlackFideId "14602369"]
[WhiteElo "2414"]
[BlackElo "2370"]
[Result "0-1"]
[Round "06"]
[TimeControl "180+2"]
[Date "2022.12.27"]
[WhiteClock "0:00:06"]
[BlackClock "0:01:16"]

1. e4 c5 2. Nf3 Qb6 3. Nc3 Nc6 4. g3 e6 5. Bg2 d6 6. O-O Be7 7. b3 Nf6 8. Bb2 Bd7 9. Re1 O-O 10. a4 Rac8 11. d3 a6 12. Qd2 Qc7 13. Ne2 Rfd8 14. h4 Be8 15. Nf4 b5 16. axb5 axb5 17. e5 dxe5 18. Nxe5 Nd4 19. g4 Nd5 20. Nxd5 exd5 21. g5 Bd6 22. f4 Nc6 23. h5 d4 24. g6 Nxe5 25. gxh7+ Kh8 26. fxe5 Bxe5 27. h6 g6 28. Qg5 Bh2+ 29. Kh1 Qf4 30. Qe7 Qxh6 0-1


[Site "https://www.chess.com"]

[Event "Titled Tuesday Blitz December 27 Early 2022"]
[White "Matveeva, Olga"]
[Black "Stead, Kerry"]
[WhiteFideId "24107018"]
[BlackFideId "3202577"]
[WhiteElo "2128"]
[BlackElo "1908"]
[Result "1-0"]
[Round "06"]
[TimeControl "180+2"]
[Date "2022.12.27"]
[WhiteClock "0:00:30"]
[BlackClock "0:00:03"]

1. d4 c5 2. d5 f5 3. c4 g6 4. e4 fxe4 5. h4 Bg7 6. h5 Nf6 7. h6 Bf8 8. Nc3 d6 9. Nh3 Bxh3 10. Rxh3 Nbd7 11. Qc2 Ne5 12. Nxe4 Qd7 13. Bg5 Nxe4 14. Qxe4 O-O-O 15. O-O-O Re8 16. f4 Nf7 17. Qe6 Qxe6 18. dxe6 Nxg5 19. fxg5 Kc7 20. Bd3 Rg8 21. Rf3 Rb8 22. Rf7 Rh8 23. Rdf1 a6 24. a4 b6 25. Be4 b5 26. axb5 axb5 27. cxb5 Kb6 28. Bc6 Ka5 29. Kc2 Kb4 30. R1f4+ Ka5 31. b3 Kb6 32. Ra4 Bxh6 33. gxh6 Rhf8 34. Ra6+ Kc7 35. Rxe7+ Kd8 36. Rd7+ Kc8 37. Raa7 Rf2+ 38. Kd3 Rb6 39. Ra8+ Rb8 40. Bb7# 1-0


[Site "https://www.chess.com"]

[Event "Titled Tuesday Blitz December 27 Early 2022"]
[White "McBryde, Lamel"]
[Black "Erzhanov, Arman"]
[WhiteFideId "2058596"]
[BlackFideId "4138821"]
[WhiteElo "1861"]
[BlackElo "2228"]
[Result "0-1"]
[Round "06"]
[TimeControl "180+2"]
[Date "2022.12.27"]
[WhiteClock "0:00:06"]
[BlackClock "0:00:59"]

1. Nf3 d6 2. d4 g6 3. b3 Bg7 4. Bb2 c5 5. e3 Nc6 6. Be2 Nh6 7. O-O Kf8 8. Qc1 cxd4 9. exd4 Nf5 10. Rd1 d5 11. c4 e6 12. cxd5 exd5 13. Ne5 Bd7 14. Bf3 Rc8 15. Qd2 Be6 16. Na3 Bh6 17. Qe1 Kg7 18. Nxc6 bxc6 19. Qe5+ Qf6 20. Bc1 Rhe8 21. Bxh6+ Nxh6 22. Qd6 Nf5 23. Qc5 Nh4 24. Be2 Qg5 25. Bf1 Nxg2 26. Bxg2 Bh3 27. Kf1 Bxg2+ 28. Kg1 Bh3+ 29. Kh1 Qg2# 0-1


[Site "https://www.chess.com"]

[Event "Titled Tuesday Blitz December 27 Early 2022"]
[White "McCoy, Owen"]
[Black "Karas, Marek"]
[WhiteFideId "30924502"]
[BlackFideId "14928558"]
[WhiteElo "2085"]
[BlackElo "2227"]
[Result "1-0"]
[Round "06"]
[TimeControl "180+2"]
[Date "2022.12.27"]
[WhiteClock "0:00:16"]
[BlackClock "0:00:02"]

1. d4 Nf6 2. c4 g6 3. Nc3 Bg7 4. e4 d6 5. Bg5 O-O 6. Qd2 c5 7. d5 e6 8. Bd3 exd5 9. cxd5 a6 10. a4 Nbd7 11. Nf3 Re8 12. h3 Rb8 13. O-O Qc7 14. a5 c4 15. Bc2 Nc5 16. Rfe1 Nfd7 17. Qe2 Nd3 18. Bxd3 cxd3 19. Qxd3 Nc5 20. Qc4 b5 21. axb6 Qxb6 22. Rab1 Qb4 23. Nd2 Bd7 24. Bf4 Qxc4 25. Nxc4 Nd3 26. Bxd6 Nxe1 27. Bxb8 Nxg2 28. Bg3 Bxh3 29. Nd6 1-0


[Site "https://www.chess.com"]

[Event "Titled Tuesday Blitz December 27 Early 2022"]
[White "Mendez Fortes, Eduardo Jesus"]
[Black "Qashashvili, Alexandre"]
[WhiteFideId "3502376"]
[BlackFideId "13600842"]
[WhiteElo "2250"]
[BlackElo "2505"]
[Result "1-0"]
[Round "06"]
[TimeControl "180+2"]
[Date "2022.12.27"]
[WhiteClock "0:00:04"]
[BlackClock "0:00:05"]

1. e4 c6 2. d4 d5 3. Nc3 dxe4 4. Nxe4 Nd7 5. Nf3 Ngf6 6. Nxf6+ Nxf6 7. Ne5 Bf5 8. c3 e6 9. g4 Qd5 10. Rg1 Bg6 11. Bg2 Qa5 12. Qe2 Nd5 13. Bd2 O-O-O 14. h4 f6 15. Nxg6 hxg6 16. Rh1 e5 17. dxe5 Re8 18. e6 Nc7 19. Kf1 Rxe6 20. Qc4 Qc5 21. Qxc5 Bxc5 22. Re1 f5 23. Bh3 Rxh4 24. gxf5 gxf5 25. Bg5 Rh5 26. Bf4 Rxe1+ 27. Kxe1 Ne6 28. Be5 Kd7 29. Ke2 g5 30. Rd1+ Ke7 31. Bg2 g4 32. b4 Bb6 33. Bd6+ Kf6 34. b5 f4 35. Be4 f3+ 36. Kd3 Nc5+ 37. Bxc5 Bxc5 38. bxc6 bxc6 39. Rf1 1-0


[Site "https://www.chess.com"]

[Event "Titled Tuesday Blitz December 27 Early 2022"]
[White "Moral Garcia, Serafin"]
[Black "Samsonkin, Artiom"]
[WhiteFideId "2201925"]
[BlackFideId "13503111"]
[WhiteElo "2238"]
[BlackElo "2420"]
[Result "0-1"]
[Round "06"]
[TimeControl "180+2"]
[Date "2022.12.27"]
[WhiteClock "0:00:23"]
[BlackClock "0:00:19"]

1. e4 e6 2. d4 d5 3. Nd2 c5 4. exd5 Qxd5 5. Ngf3 Nf6 6. Bc4 Qd6 7. O-O Be7 8. Nb3 cxd4 9. Nbxd4 a6 10. c3 O-O 11. Bb3 b5 12. Re1 Bb7 13. Bg5 Nbd7 14. Qe2 Ne4 15. Bxe7 Qxe7 16. Rad1 Ndf6 17. Ne5 Qc7 18. Ng4 Qf4 19. Nxf6+ Nxf6 20. Qe5 Qh4 21. h3 Rad8 22. Qc7 Rd7 23. Qb6 Rfd8 24. Nxe6 Rxd1 25. Rxd1 Rxd1+ 26. Bxd1 Ne4 27. Qd8+ Qxd8 28. Nxd8 Bd5 29. Bb3 Bxb3 30. axb3 Nc5 31. b4 Na4 32. Nc6 Nxb2 33. Nb8 Nd1 34. Nxa6 Nxc3 35. Kf1 Kf8 36. Ke1 Ke7 37. Kd2 Nd5 38. Kd3 Kd6 39. Kd4 Nf4 40. g3 Nxh3 41. f4 h5 42. Nc5 h4 43. Ne4+ Kc6 44. gxh4 Nxf4 45. Ng5 Ne6+ 46. Nxe6 fxe6 47. Ke5 Kd7 48. Kf4 Kd6 49. Kg5 e5 50. Kg6 e4 51. Kxg7 e3 52. h5 e2 53. h6 e1=Q 54. h7 Qg3+ 55. Kf7 Qe5 56. Kg8 Qe8+ 0-1


[Site "https://www.chess.com"]

[Event "Titled Tuesday Blitz December 27 Early 2022"]
[White "Moroni, Luca Jr"]
[Black "Morefield, Jason"]
[WhiteFideId "865834"]
[BlackFideId "30920825"]
[WhiteElo "2535"]
[BlackElo "2167"]
[Result "1-0"]
[Round "06"]
[TimeControl "180+2"]
[Date "2022.12.27"]
[WhiteClock "0:00:07"]
[BlackClock "0:00:06"]

1. d4 Nf6 2. Nf3 d5 3. c3 c5 4. dxc5 e6 5. Be3 Nbd7 6. b4 a5 7. g3 axb4 8. cxb4 b6 9. cxb6 Bxb4+ 10. Nbd2 Nxb6 11. Qb3 Ba5 12. Bg2 Nc4 13. O-O Nxe3 14. Qxe3 O-O 15. Rfc1 Bb6 16. Qb3 Ba6 17. e3 Qd6 18. a4 Ba5 19. Qd1 Rfc8 20. Rxc8+ Rxc8 21. Rc1 Rxc1 22. Qxc1 h6 23. Nb3 Bb4 24. Bf1 Ne4 25. Nfd4 e5 26. Nb5 Qf6 27. f4 exf4 28. exf4 Qb6+ 29. Kh1 Qf2 30. Bg2 Bb7 31. N3d4 Bd2 32. Qf1 Be3 33. Nf5 Qd2 34. Bxe4 dxe4 35. Nbd6 Bd5 36. Ne7+ Kh7 37. Ndf5 Bc5 38. Nxd5 Qxd5 39. Nh4 e3+ 40. Nf3 Qe4 41. Qe2 f5 42. Kg2 g5 43. fxg5 hxg5 44. Kg1 g4 45. Ng5+ Kg6 46. Nxe4 fxe4 47. a5 Kf5 48. Kg2 Bd6 49. a6 1-0


[Site "https://www.chess.com"]

[Event "Titled Tuesday Blitz December 27 Early 2022"]
[White "Mortazavi, Ali"]
[Black "Bringas Gomez, Artai"]
[WhiteFideId "401323"]
[BlackFideId "24534064"]
[WhiteElo "2333"]
[BlackElo "2206"]
[Result "0-1"]
[Round "06"]
[TimeControl "180+2"]
[Date "2022.12.27"]
[WhiteClock "0:00:33"]
[BlackClock "0:00:39"]

1. e4 c6 2. Nc3 d5 3. d4 dxe4 4. f3 e3 5. Bxe3 Nf6 6. Bd3 Qa5 7. Ne2 Bf5 8. O-O e6 9. Ne4 Nd5 10. Bd2 Qc7 11. c4 Nb6 12. Bf4 Qd8 13. Qd2 Be7 14. c5 Nd5 15. Nd6+ Bxd6 16. Bxd6 Bxd3 17. Qxd3 f6 18. Ng3 Kf7 19. Rae1 Na6 20. Re2 Qd7 21. Rfe1 Rae8 22. a3 Nac7 23. Re4 Nb5 24. Rh4 Nxd6 25. cxd6 Qxd6 26. Rxh7 Rxh7 27. Qxh7 Qf4 28. Qh5+ Kf8 29. Qh3 Qxd4+ 30. Kh1 Qd2 31. Rg1 Nf4 32. Qg4 Rd8 33. h4 Rd4 34. Ne4 Qe3 35. h5 Rd5 36. Ng3 Rg5 37. Qh4 Rxg3 38. Qxg3 Qxg1+ 39. Kxg1 Ne2+ 40. Kf2 Nxg3 41. Kxg3 Kg8 42. Kf4 Kh7 43. g4 Kh6 44. b4 b6 45. a4 c5 46. bxc5 bxc5 47. Ke4 Kg5 48. Ke3 f5 49. gxf5 exf5 50. a5 Kxh5 51. Kd3 g5 52. Kc4 g4 53. fxg4+ fxg4 54. Kxc5 g3 55. Kc6 g2 56. Kb7 g1=Q 0-1


[Site "https://www.chess.com"]

[Event "Titled Tuesday Blitz December 27 Early 2022"]
[White "Narayanan.S.L"]
[Black "Vlassov, Nikolai"]
[WhiteFideId "5058422"]
[BlackFideId "4103360"]
[WhiteElo "2660"]
[BlackElo "2283"]
[Result "1-0"]
[Round "06"]
[TimeControl "180+2"]
[Date "2022.12.27"]
[WhiteClock "0:00:20"]
[BlackClock "0:00:15"]

1. c4 e5 2. Nc3 Nf6 3. Nf3 Nc6 4. g3 Bb4 5. Bg2 O-O 6. Nd5 Bd6 7. O-O Nxd5 8. cxd5 Ne7 9. e4 c6 10. d4 Ng6 11. dxe5 Bxe5 12. Nxe5 Nxe5 13. d6 f6 14. f4 Nf7 15. b3 Re8 16. Bb2 b6 17. Qh5 Bb7 18. e5 g6 19. Qf3 Rb8 20. Rae1 c5 21. Qxb7 Rxb7 22. Bxb7 Re6 23. Bd5 fxe5 24. Bxe6 dxe6 25. fxe5 Qa8 26. h4 Nh6 27. Rd1 Nf5 28. Rxf5 gxf5 29. d7 Qd8 30. Bc1 Kf7 31. Bg5 1-0


[Site "https://www.chess.com"]

[Event "Titled Tuesday Blitz December 27 Early 2022"]
[White "Nguyen Hong Nhung"]
[Black "Shubenkova, Veronika"]
[WhiteFideId "12412201"]
[BlackFideId "44124040"]
[WhiteElo "2003"]
[BlackElo "1960"]
[Result "0-1"]
[Round "06"]
[TimeControl "180+2"]
[Date "2022.12.27"]
[WhiteClock "0:00:09"]
[BlackClock "0:00:06"]

1. e4 c6 2. d4 d5 3. f3 dxe4 4. fxe4 e6 5. Nf3 Nf6 6. Nc3 Be7 7. Bd3 Qb6 8. O-O Nbd7 9. Kh1 c5 10. e5 Nd5 11. Nxd5 exd5 12. c3 Nf8 13. Bg5 Ng6 14. Bxe7 Nxe7 15. Ng5 Be6 16. Qa4+ Nc6 17. Nxe6 fxe6 18. Bb5 c4 19. Bxc6+ Qxc6 20. Qa5 Rf8 21. h3 g6 22. Qa3 Rf5 23. g4 Rxf1+ 24. Rxf1 O-O-O 25. Qxa7 Qd7 26. Qa8+ Kc7 27. Qa5+ Kb8 28. b3 h5 29. g5 Qe7 30. h4 Rc8 31. bxc4 dxc4 32. Rb1 Qd7 33. Qb5 Rc6 34. a4 Kc8 35. Qb2 Qf7 36. Qg2 Qf5 37. Rf1 Qd3 38. Qf3 Qc2 39. a5 Kb8 40. a6 Rxa6 41. Rf2 Ra1+ 42. Kg2 Qc1 43. Qf8+ Ka7 44. Qc5+ Ka6 45. Qxc4+ Ka7 46. Rf1 Qd2+ 47. Rf2 Qd1 48. Qc5+ Ka6 49. Qc4+ Ka7 50. Qf1 Qg4+ 51. Kh2 Qxh4+ 52. Kg1 Rxf1+ 53. Kxf1 Qxg5 54. Rg2 Qc1+ 55. Kf2 Qxc3 56. Rxg6 Qxd4+ 57. Kf3 Qd3+ 58. Kf4 Qxg6 0-1


[Site "https://www.chess.com"]

[Event "Titled Tuesday Blitz December 27 Early 2022"]
[White "Odegov, Artem"]
[Black "Ljukin, Sergei"]
[WhiteFideId "34183644"]
[BlackFideId "14102200"]
[WhiteElo "2261"]
[BlackElo "2362"]
[Result "1-0"]
[Round "06"]
[TimeControl "180+2"]
[Date "2022.12.27"]
[WhiteClock "0:00:27"]
[BlackClock "0:00:11"]

1. d4 d5 2. c4 c6 3. Nc3 Nf6 4. Nf3 dxc4 5. a4 Bf5 6. Ne5 Na6 7. e3 Nb4 8. Bxc4 e6 9. O-O Bd6 10. Qe2 Nc2 11. Ra2 Nb4 12. Ra3 O-O 13. e4 Bg6 14. Bg5 Be7 15. Rd1 Nd7 16. Bf4 Nxe5 17. dxe5 Qa5 18. Rd7 Bc5 19. Bg5 h6 20. Bh4 Rab8 21. h3 Rfc8 22. Nd1 Rc7 23. Bd8 Rxd8 24. Rxd8+ Kh7 25. h4 h5 26. g4 Be7 27. Rd2 Qxe5 28. g5 Bd6 29. f3 Qf4 30. Ne3 Bc5 31. Kg2 Qxh4 32. Kf1 Qxg5 33. Ng2 f5 34. f4 Qg3 35. Rxg3 1-0


[Site "https://www.chess.com"]

[Event "Titled Tuesday Blitz December 27 Early 2022"]
[White "Ordekalog"]
[Black "Tikhonov, Viacheslav"]
[BlackFideId "44196407"]
[WhiteElo "2826"]
[BlackElo "2220"]
[Result "1/2-1/2"]
[Round "06"]
[TimeControl "180+2"]
[Date "2022.12.27"]
[WhiteClock "0:00:03"]
[BlackClock "0:00:06"]

1. b4 Nf6 2. Bb2 e6 3. b5 Be7 4. Nf3 O-O 5. e3 d5 6. Be2 a6 7. a4 axb5 8. axb5 Rxa1 9. Bxa1 c5 10. O-O b6 11. c4 Bb7 12. d3 Nbd7 13. Nbd2 Qa8 14. Qc2 h6 15. Re1 Rd8 16. Bf1 dxc4 17. dxc4 Ne4 18. Rd1 Bf6 19. Bxf6 Ndxf6 20. Nb3 Qc8 21. Nc1 Rxd1 22. Qxd1 Qd7 23. Qxd7 Nxd7 24. Bd3 Kf8 25. Nb3 Ke7 26. Nfd2 Nxd2 27. Nxd2 Ne5 28. Be2 g5 29. f4 gxf4 30. exf4 Nd7 31. Kf2 e5 32. fxe5 Nxe5 33. g4 Bc8 34. Kg3 Be6 35. Kf4 f6 36. h4 Ng6+ 37. Kg3 Ne5 38. Kf4 Ng6+ 39. Kg3 Ne5 40. Bf1 Bf7 41. h5 Be6 42. Be2 Kd7 43. Kf4 Ke7 44. Kg3 Bg8 45. Kf2 Bh7 46. Ke3 Bg8 47. Ke4 Bh7+ 48. Kd5 Bg8+ 49. Ke4 Be6 50. Kf4 Bf7 51. Bf1 Bg8 52. Be2 Bh7 53. Bf1 Bg8 54. Be2 Be6 55. Bd1 Nf7 56. Be2 Ne5 1/2-1/2


[Site "https://www.chess.com"]

[Event "Titled Tuesday Blitz December 27 Early 2022"]
[White "Oro, Faustino"]
[Black "Srebrnic, Marko"]
[WhiteFideId "20000197"]
[BlackFideId "14603616"]
[WhiteElo "2269"]
[BlackElo "2366"]
[Result "0-1"]
[Round "06"]
[TimeControl "180+2"]
[Date "2022.12.27"]
[WhiteClock "0:00:01"]
[BlackClock "0:00:16"]

1. Nf3 Nf6 2. g3 g6 3. Bg2 Bg7 4. O-O O-O 5. d4 d6 6. Nc3 Nc6 7. e4 e5 8. dxe5 Nxe5 9. Nd4 Re8 10. Re1 c6 11. h3 Qb6 12. Nb3 Nc4 13. Qd3 d5 14. Be3 Nxe3 15. Rxe3 Nxe4 16. Nxe4 dxe4 17. Rxe4 Bf5 18. Rxe8+ Rxe8 19. Qc4 Bxb2 20. Rd1 h5 21. Nc5 Bg7 22. g4 hxg4 23. hxg4 Bxg4 24. Na4 Bxd1 25. Nxb6 axb6 26. Qd3 Bg4 27. Bf1 Bf5 28. Qb3 b5 29. a4 bxa4 30. Qxa4 b5 31. Qa6 Be4 32. Qb7 Re5 33. Qb8+ Kh7 34. f4 Rh5 35. Kf2 Bd4+ 36. Kg3 Rh1 37. Be2 Rg1+ 38. Kh3 Rg2 39. Bg4 Rf2 40. Kh4 Bf6+ 41. Kh3 Rxc2 42. Kg3 Bd5 43. Qc7 Rc3+ 44. Kh2 Kg7 45. Bh3 Rc2+ 46. Kg3 Rc3+ 47. Kh2 Re3 48. Qd7 Re7 49. Qc8 Re2+ 50. Kg3 Re3+ 51. Kh2 Rf3 52. Qg4 Rf2+ 53. Kg1 Bd4 54. Qh4 Rxf4+ 0-1


[Site "https://www.chess.com"]

[Event "Titled Tuesday Blitz December 27 Early 2022"]
[White "Orzech, Dominik"]
[Black "Omariev, Maksim"]
[WhiteFideId "1115065"]
[BlackFideId "4193423"]
[WhiteElo "2308"]
[BlackElo "2304"]
[Result "1-0"]
[Round "06"]
[TimeControl "180+2"]
[Date "2022.12.27"]
[WhiteClock "0:00:22"]
[BlackClock "0:00:01"]

1. e4 c5 2. Nf3 d6 3. Nc3 Nf6 4. d4 cxd4 5. Nxd4 a6 6. Bg5 Nbd7 7. f4 Qc7 8. Qf3 h6 9. Bh4 g5 10. fxg5 hxg5 11. Bxg5 Qc5 12. Be3 Ne5 13. Qe2 Neg4 14. Bg1 Bh6 15. h3 Bf4 16. Nf5 Qb4 17. Rb1 Bxf5 18. exf5 Bg3+ 19. Kd1 Rc8 20. a3 Qa5 21. Qf3 Be5 22. Qxb7 Qc7 23. Bxa6 Qxb7 24. Bxb7 Rc7 25. Bf3 Bxc3 26. bxc3 Kd7 27. Kd2 Ne5 28. Be2 Ne4+ 29. Kc1 Nxc3 30. Bb5+ Kc8 31. Ba6+ Kd7 32. Rb7 Rxb7 33. Bxb7 Ne2+ 34. Kd2 Ng3 35. Rh2 Nf1+ 36. Kc3 Nxh2 37. Bxh2 Rb8 38. Bd5 Rc8+ 39. Kb3 e6 40. Be4 Rc5 41. fxe6+ fxe6 42. g4 Rb5+ 43. Ka4 Rc5 44. Kb3 Nc4 45. Bf4 Na5+ 46. Kb4 Nc6+ 47. Kb3 d5 48. Bd3 Nd4+ 49. Kb2 Nc6 50. g5 e5 51. Be3 d4 52. Bd2 Ne7 53. h4 Ke6 54. h5 Kd5 55. h6 e4 56. h7 Ng6 57. Be2 Rc7 58. Bh5 Rxh7 59. Bxg6 Rg7 60. Be8 e3 61. Bb4 Rxg5 62. Bb5 Re5 63. Be2 Rf5 64. Kc1 Rf2 65. Kd1 Rh2 66. a4 Rh1+ 67. Be1 Rh7 68. a5 Rb7 69. Bf3+ Kc4 70. Bxb7 Kb5 71. a6 Kb6 72. Ke2 Ka7 73. Kd3 1-0


[Site "https://www.chess.com"]

[Event "Titled Tuesday Blitz December 27 Early 2022"]
[White "Osiecki, Stanislaw"]
[Black "Zherebtsova, Alexandra"]
[WhiteFideId "1102990"]
[BlackFideId "24129518"]
[WhiteElo "2055"]
[BlackElo "2155"]
[Result "0-1"]
[Round "06"]
[TimeControl "180+2"]
[Date "2022.12.27"]
[WhiteClock "0:00:06"]
[BlackClock "0:00:16"]

1. e4 e5 2. Nf3 Nc6 3. Bb5 a6 4. Bxc6 dxc6 5. O-O Ne7 6. Nxe5 Qd4 7. Nf3 Qxe4 8. Re1 Qf5 9. Qe2 Qxc2 10. Nc3 Bd7 11. Ne5 Be6 12. Qf3 Qf5 13. Qg3 O-O-O 14. d4 Ng6 15. Nxg6 hxg6 16. Bf4 Bd6 17. Bxd6 Rxd6 18. Rad1 Rhd8 19. Qe3 Bd5 20. b4 Qg4 21. f3 Qh5 22. Ne4 Re6 23. Qf4 Qf5 24. Qh4 Bxa2 25. Nc3 Bd5 26. Rxe6 Qxe6 27. Ne4 f6 28. Nc5 Qe3+ 29. Kh1 Kb8 30. Qg3 g5 31. h3 Qf4 32. Qf2 Bc4 33. Re1 b6 0-1


[Site "https://www.chess.com"]

[Event "Titled Tuesday Blitz December 27 Early 2022"]
[White "Osinovsky, Stepan"]
[Black "Suleymanli, Suleyman"]
[WhiteFideId "4157354"]
[BlackFideId "13416375"]
[WhiteElo "2241"]
[BlackElo "2269"]
[Result "0-1"]
[Round "06"]
[TimeControl "180+2"]
[Date "2022.12.27"]
[WhiteClock "0:00:02"]
[BlackClock "0:01:49"]

1. Nf3 d5 2. g3 Bf5 3. Bg2 Nf6 4. O-O e6 5. d3 h6 6. b3 Be7 7. Bb2 O-O 8. Nbd2 Nbd7 9. Ne5 c6 10. Ndf3 a5 11. a4 Nc5 12. Re1 Bh7 13. Qd2 Qc7 14. Rad1 b5 15. Nd4 bxa4 16. Nexc6 Bd6 17. b4 axb4 18. Nxb4 Rfb8 19. Ndc6 Rb6 20. c4 Rxc6 21. Nxc6 Qxc6 22. Bxf6 gxf6 23. cxd5 exd5 24. Rc1 Qb5 25. Qxh6 Nb3 26. Bxd5 Qxd5 27. Rc4 Bf8 28. Rg4+ Bg6 29. Qf4 Qe5 0-1


[Site "https://www.chess.com"]

[Event "Titled Tuesday Blitz December 27 Early 2022"]
[White "Ovchinnikov, Vsevolod"]
[Black "Altman, Joshua"]
[WhiteFideId "24176842"]
[BlackFideId "426210"]
[WhiteElo "2426"]
[BlackElo "2120"]
[Result "1-0"]
[Round "06"]
[TimeControl "180+2"]
[Date "2022.12.27"]
[WhiteClock "0:00:05"]
[BlackClock "0:00:01"]

1. d4 Nf6 2. c3 e6 3. Bf4 b6 4. Nd2 Bb7 5. Ngf3 Be7 6. e3 O-O 7. Bd3 c5 8. h3 cxd4 9. exd4 d6 10. O-O Nbd7 11. Re1 h6 12. Bh2 Re8 13. a4 a6 14. Nc4 Qc7 15. Bf1 Bf8 16. Ne3 Rad8 17. Nd2 Qb8 18. Be2 Qa8 19. Bf3 e5 20. Bxb7 Qxb7 21. Qb3 d5 22. dxe5 Nxe5 23. Bxe5 Rxe5 24. Nf3 Re4 25. Nf5 Rde8 26. N5d4 Bc5 27. Red1 Qc7 28. Qc2 Nh5 29. Qd3 Nf4 30. Qxa6 Ne2+ 31. Kf1 Bxd4 32. cxd4 Nf4 33. Rac1 Qe7 34. Rc8 Kh7 35. Rxe8 Qxe8 36. Qb5 Qe6 37. Re1 Nxg2 38. Kxg2 Rxe1 39. Nxe1 Qxe1 40. Qxd5 Qb4 41. Qxf7 Qxd4 42. Qf5+ Kg8 43. b3 Qb4 44. Qe6+ Kh7 45. Qd5 Qf4 46. Qf3 Qg5+ 47. Qg3 Qd5+ 48. Qf3 Qg5+ 49. Kh1 Qc1+ 50. Kh2 Qc7+ 51. Qg3 Qc2 52. Qe3 Kh8 53. Qxb6 Qe2 54. Qe3 Qb2 55. Kg2 Kh7 56. Qd3+ Kh8 57. a5 h5 58. a6 Qf6 59. Qc4 Qg5+ 60. Kf1 Qc1+ 61. Qxc1 1-0


[Site "https://www.chess.com"]

[Event "Titled Tuesday Blitz December 27 Early 2022"]
[White "Ozen, Bahadir"]
[Black "Oparin, Grigoriy"]
[WhiteFideId "6337058"]
[BlackFideId "24125890"]
[WhiteElo "2369"]
[BlackElo "2667"]
[Result "0-1"]
[Round "06"]
[TimeControl "180+2"]
[Date "2022.12.27"]
[WhiteClock "0:00:09"]
[BlackClock "0:00:39"]

1. g3 d5 2. Nf3 Nf6 3. Bg2 g6 4. O-O Bg7 5. d3 O-O 6. Nbd2 c5 7. e4 dxe4 8. dxe4 Nc6 9. Re1 Qc7 10. c3 e5 11. Qe2 h6 12. Nc4 Be6 13. a4 b6 14. h3 Rad8 15. Bf1 Rfe8 16. Kh2 Nh7 17. Qc2 f5 18. Nh4 Qf7 19. exf5 gxf5 20. Ne3 e4 21. Bb5 Ne5 22. Bxe8 Rxe8 23. Neg2 Ng5 24. Bf4 Ngf3+ 25. Kh1 Nxe1 26. Rxe1 Nd3 27. Rf1 Bb3 28. Qd2 Qe6 29. a5 bxa5 30. Be3 a4 31. Nf4 Qf7 32. Nxd3 exd3 33. Ng2 Kh7 34. f3 Qc4 35. Ra1 Qd5 36. Rf1 a3 37. bxa3 Qc4 38. Rc1 Bc2 39. Rxc2 dxc2 40. Qxc2 Qf1+ 41. Kh2 Qxf3 42. Qd2 c4 43. Nh4 Qxe3 0-1


[Site "https://www.chess.com"]

[Event "Titled Tuesday Blitz December 27 Early 2022"]
[White "Palacio,Igor Da Paz"]
[Black "Hoffmann, Asa"]
[WhiteFideId "2121140"]
[BlackFideId "2001470"]
[WhiteElo "2172"]
[BlackElo "2185"]
[Result "0-1"]
[Round "06"]
[TimeControl "180+2"]
[Date "2022.12.27"]
[WhiteClock "0:00:01"]
[BlackClock "0:01:26"]

1. e4 d6 2. d4 Nf6 3. Nc3 c6 4. Nf3 Bg4 5. Be2 e6 6. h3 Bh5 7. O-O d5 8. e5 Nfd7 9. Bg5 Be7 10. Bxe7 Qxe7 11. a3 a6 12. Nb1 c5 13. c3 Nc6 14. Nbd2 O-O 15. b4 cxd4 16. cxd4 Nb6 17. Rc1 Rfc8 18. Nb3 Bxf3 19. Bxf3 Nc4 20. Ra1 b6 21. Qd3 a5 22. b5 Na7 23. a4 Rc7 24. Nd2 Rac8 25. Nxc4 dxc4 26. Qc3 Qb4 27. Ra3 Rd8 28. Rd1 Nc8 29. d5 exd5 30. Rxd5 Rxd5 31. Bxd5 Ne7 32. Be4 g6 33. Kh2 Rc5 34. f4 Nd5 35. Bxd5 Rxd5 36. Qf3 Rc5 37. Qc3 Kf8 38. Qf3 Kg7 0-1


[Site "https://www.chess.com"]

[Event "Titled Tuesday Blitz December 27 Early 2022"]
[White "Perez Ponsa, Federico"]
[Black "Dimitrov, Atanas"]
[WhiteFideId "117927"]
[BlackFideId "2901315"]
[WhiteElo "2532"]
[BlackElo "2269"]
[Result "0-1"]
[Round "06"]
[TimeControl "180+2"]
[Date "2022.12.27"]
[WhiteClock "0:01:09"]
[BlackClock "0:01:21"]

1. d4 Nf6 2. c4 g6 3. Nc3 d5 4. cxd5 Nxd5 5. e4 Nxc3 6. bxc3 Bg7 7. Nf3 O-O 8. Be2 c5 9. O-O cxd4 10. cxd4 Nc6 11. Be3 b6 12. d5 Na5 13. Rc1 Bb7 14. h4 Rc8 15. h5 Qd6 16. Qd2 Rfd8 17. Bf4 Qa3 18. hxg6 hxg6 19. Be5 Rxc1 20. Rxc1 Rc8 21. Rxc8+ Bxc8 22. Bxg7 Kxg7 23. e5 Qc5 24. d6 exd6 25. exd6 Bd7 26. g4 Nb7 27. Qb2+ Kg8 28. Ne5 Qxd6 29. g5 Nc5 30. Bg4 Bxg4 31. Nxg4 Qd1+ 32. Kh2 Qxg4 0-1


[Site "https://www.chess.com"]